 Dungeon Sprint DCSS version 0.30-a0-1112-gfb780f5df6 (webtiles) character file.

Game seed: 12660282908453232922

2058 sircluck the Severer (level 9, -1/139 HPs)
             Began as a Hill Orc Berserker on Apr 19, 2023.
             Was a High Priest of Trog.
             Shot with an arrow by a centaur (9 damage)
             ... in the Dungeon (Sprint III: "The Ten Rune Challenge").
             The game lasted 00:02:48 (1370 turns).

sircluck the Severer (Hill Orc Berserker)           Turns: 1370, Time: 00:02:49

Health: -1/139     AC:  2    Str: 24    XL:     9   Next: 25%
Magic:  9/9        EV: 13    Int:  7    God:    Trog [*****.]
Gold:   42         SH:  0    Dex: 10    Spells: 8/8 levels left

rFire   . . .      SeeInvis .    p - +4 battleaxe (flame)
rCold   . . .      Faith    .    (shield currently unavailable)
rNeg    . . .      Spirit   .    b - +0 animal skin
rPois   .          Reflect  .    (no helmet)
rElec   .          Rampage  .    (no cloak)
rCorr   .          NoTele   +    (no gloves)
Will    .....                    (no boots) Stlth
                                 (no amulet)
HPRegen 0.43/turn                (no ring)
MPRegen 0.11/turn                (no ring)

@: berserking, very quick
A: no striking features
a: Renounce Religion, Berserk, Trog's Hand, Brothers in Arms


You were in the Dungeon.
You worshipped Trog.
Trog was extremely pleased with you.
You visited 1 branch You collected 42 gold pieces.

Inventory:

Hand Weapons
 a - a +0 hand axe
 p - a +4 battleaxe of flaming (weapon)
Armour
 b - a +0 animal skin (worn)
Scrolls
 h - a scroll of blinking
 j - 2 scrolls of torment {unknown}
 k - a scroll of identify {unknown}
 m - a scroll of enchant weapon {unknown}
Potions
 c - a potion of curing
 d - 2 potions of heal wounds
 e - a potion of haste
 f - 2 potions of magic
 g - a potion of berserk rage
 i - 4 potions of mutation {unknown}
 l - 3 potions of flight
 n - a potion of might
Miscellaneous
 o - a piece from Xom's chessboard (15/15)


   Skills:
 + Level 13.3 Fighting
 + Level 17.7 Axes
 + Level 6.8 Armour
 + Level 6.5 Dodging
 + Level 4.4 Stealth


You had 8 spell levels left.
You didn't know any spells.
Your spell library was empty.

Dungeon Overview and Level Annotations

Branches:
Dungeon (1/1)

Altars:
Cheibriados
Dithmenos
Elyvilon
Fedhas
Gozag
Hepliaklqana
Kikubaaqudgha
Makhleb
Nemelex Xobeh
Okawaru
Qazlal
Ru
Sif Muna
Trog
Uskayaw
Vehumet
Wu Jian
Xom
Yredelemnul
Zin
The Shining One
Beogh
Jiyva
Lugonu


Message History

The centaur shouts! x2
The centaur wields a +0 shortbow.
The centaur shoots an arrow.
The arrow hits you!
The centaur shoots an arrow.
The arrow closely misses you.
The centaur warrior shouts!
There is an open door, spattered with blood here.
The centaur shoots an arrow.
The arrow hits you!
The centaur unwields a +0 shortbow.
The centaur hits you. The centaur completely misses you.
You slice the centaur!! You burn the centaur.
You kill the centaur!
Trog accepts your kill.
The centaur warrior wields a +0 shortbow.
The centaur warrior shoots an arrow.
The arrow closely misses you.
The centaur warrior shoots an arrow.
The arrow hits you!!
The centaur warrior shoots an arrow.
The arrow hits you!
The centaur warrior unwields a +0 shortbow.
The centaur warrior barely misses you. The centaur warrior kicks you.
You barely miss the centaur warrior. The centaur warrior hits you.
The centaur warrior barely misses you. The centaur warrior hits you!
* * * LOW HITPOINT WARNING * * *
The centaur warrior kicks you.
* * * LOW HITPOINT WARNING * * *
A red film seems to cover your vision as you go berserk!
You feel yourself moving faster!
You feel mighty! The centaur warrior hits you.
* * * LOW HITPOINT WARNING * * *
The centaur warrior kicks you.
* * * LOW HITPOINT WARNING * * *
You slice the centaur warrior!! You burn the centaur warrior.
The centaur warrior is heavily wounded.
The centaur warrior hits you!
* * * LOW HITPOINT WARNING * * *
The centaur warrior kicks you.
* * * LOW HITPOINT WARNING * * *
You barely miss the centaur warrior.
The centaur warrior is heavily wounded.
You slash the centaur warrior! You burn the centaur warrior.
The centaur warrior is severely wounded.
The centaur wields a +0 shortbow.
The centaur shoots an arrow.
The arrow hits you!
You die...

).#__.#._# #'#'###)##
.........# ⌠........#
..######'#
⌠.#__#...#+#############
..#__#...#..~~~'.#.c.c.+
###__#...#.#§§~#.#.#...#
).#__#...'.#§§.#@#.#cc.#
__#__'...#.#..§#c.c#.c.#
▓▓▓▓▓▓▓▓▓▓▓▓▓▓▓▓▓▓▓▓▓▓▓#


You could see a centaur warrior and a centaur.

Vanquished Creatures
  Josephine (D)
  A deep elf pyromancer (D)
  A shadow (D)
  A spatial vortex (D)
  A centaur (D)
  An earth elemental (D)
  A scorpion (D)
  A necrophage (D)
  A water elemental (D)
  A jelly (D)
  Jessica (D)
  A necromancer (D)
  A wizard (D)
  3 humans (D)
  A kobold demonologist (D)
  An endoplasm (D)
  A rat (D)
19 creatures vanquished.

Vanquished Creatures (others)
  A plant (D)
1 creature vanquished.

Grand Total: 20 creatures vanquished

Notes
Turn   | Place    | Note
-------+----------+-------------------------------------------
     0 | D        | sircluck the Hill Orc Berserker began the quest for the
                  | Orb.
     0 | D        | Reached XP level 1. HP: 19/19 MP: 1/1
    25 | D        | Noticed Jessica
    30 | D        | Killed Jessica
    30 | D        | Reached ** piety under Trog
    31 | D        | Reached skill level 5 in Fighting
    31 | D        | Reached skill level 6 in Axes
    31 | D        | Reached XP level 2. HP: 30/30 MP: 2/2
    31 | D        | Reached XP level 3. HP: 37/37 MP: 3/3
   106 | D        | Noticed a scorpion
   111 | D        | Killed a scorpion
   112 | D        | Reached skill level 8 in Axes
   112 | D        | Reached skill level 1 in Stealth
   112 | D        | Reached XP level 4. HP: 46/47 MP: 4/4
   190 | D        | Noticed a water elemental
   197 | D        | Killed a water elemental
   198 | D        | Reached skill level 10 in Axes
   198 | D        | Reached XP level 5. HP: 53/53 MP: 5/5
   218 | D        | Found a glowing silver altar of Zin.
   218 | D        | Found a glowing golden altar of the Shining One.
   218 | D        | Found a white marble altar of Elyvilon.
   248 | D        | Found a basalt altar of Yredelemnul.
   248 | D        | Found a shadowy altar of Dithmenos.
   248 | D        | Found a sacrificial altar of Ru.
   255 | D        | Reached *** piety under Trog
   256 | D        | Reached XP level 6. HP: 55/62 MP: 6/6
   264 | D        | Reached skill level 11 in Axes
   401 | D        | Found a hide-covered altar of Uskayaw.
   401 | D        | Found a roughly hewn altar of Beogh.
   401 | D        | Found an iron altar of Okawaru.
   401 | D        | Found a bloodstained altar of Trog.
   401 | D        | Found an ornate altar of the Wu Jian Council.
   401 | D        | Noticed a human
   411 | D        | Found a radiant altar of Vehumet.
   411 | D        | Found a shimmering blue altar of Sif Muna.
   411 | D        | Found an ancient bone altar of Kikubaaqudgha.
   415 | D        | Reached **** piety under Trog
   511 | D        | Noticed a human
   517 | D        | Killed a human
   518 | D        | Reached skill level 10 in Fighting
   518 | D        | Reached skill level 12 in Axes
   518 | D        | Reached skill level 5 in Armour
   518 | D        | Reached XP level 7. HP: 72/72 MP: 7/7
   529 | D        | Killed a human
   530 | D        | Reached skill level 13 in Axes
   616 | D        | Noticed a deep elf pyromancer
   618 | D        | Noticed a fire elemental
   618 | D        | Noticed a fire elemental
   622 | D        | Killed a deep elf pyromancer
   622 | D        | Reached ***** piety under Trog
   623 | D        | Reached skill level 15 in Axes
   623 | D        | Reached skill level 5 in Dodging
   623 | D        | Reached XP level 8. HP: 50/83 MP: 8/8
   772 | D        | Noticed a shadow
   784 | D        | Killed a shadow
   896 | D        | Found a blossoming altar of Fedhas.
   896 | D        | Found a stormy altar of Qazlal.
   896 | D        | Found a snail-covered altar of Cheibriados.
   896 | D        | Found a burning altar of Makhleb.
   896 | D        | Found a shimmering altar of Xom.
   897 | D        | Found a hazy altar of Hepliaklqana.
   897 | D        | Found an opulent altar of Gozag.
   897 | D        | Found a sparkling altar of Nemelex Xobeh.
   897 | D        | Found a corrupted altar of Lugonu.
   897 | D        | Found a viscous altar of Jiyva.
   913 | D        | Reached skill level 16 in Axes
   966 | D        | Noticed Josephine
   982 | D        | Killed Josephine
   982 | D        | Received a gift from Trog
   983 | D        | Reached skill level 17 in Axes
   983 | D        | Reached XP level 9. HP: 59/93 MP: 9/9
  1346 | D        | Noticed a centaur warrior
  1370 | D        | Shot with an arrow by a centaur

Illustrated notes

Levels and vault maps discovered:
D:        dungeon_sprint_mu [sprint_mu_entry_cave, sprint_mu_temple_rooms,
          sprint_mu_d1_horrors, sprint_mu_d2_genie, sprint_mu_d3_branching,
          sprint_mu_orc_legion, sprint_mu_elf_gauntlet, sprint_mu_hive_nellie,
          sprint_mu_lair_fedhas, sprint_mu_vaults_butterflies,
          sprint_mu_slime_circle, sprint_mu_swamp_cave, sprint_mu_snake_twists,
          sprint_mu_blade_basic, sprint_mu_crypt_fortress,
          sprint_mu_tomb_spiral, sprint_mu_vestibule_basic,
          sprint_mu_gehenna_hellfire, sprint_mu_dis_giant,
          sprint_mu_tartarus_statrot, sprint_mu_cocytus_islands, sprint_mu_zot1]

Skill      XL: |  1  2  3  4  5  6  7  8 |
---------------+-------------------------+-----
Fighting       | 5 7 8 10 11 13 | 13.3
Axes           | 6 8 10 12 15 17 | 17.7
Dodging        | 2 3 4 5 6 |  6.5
Armour         | 3 4 5 6 |  6.8
Stealth        | 1 2 3 4 |  4.4

Action                     |  1- 3 |  4- 6 |  7- 9 || total
---------------------------+-------+-------+-------++-------
  Melee: Hand axe          |    18 |    35 |    56 ||   109
         Punch             |       |     1 |     2 ||     3
         Battleaxe         |       |       |    10 ||    10
 Invoke: Berserk           |     2 |     2 |     3 ||     7
   Stab: Sleeping          |     1 |       |     1 ||     2
 Armour: Animal skin       |     3 |     2 |     2 ||     7
  Dodge: Dodged            |     6 |     7 |    20 ||    33

Table legend: (Time is in decaauts)
 A = Elapsed time spent in this place.
 B = Non-inter-level travel time spent in this place.
 C = Inter-level travel time spent in this place.
 D = Time resting spent in this place.
 E = Time spent auto-exploring this place.
 F = Levels seen in this place.
 G = Mean time per level.
                   A        B        C        D        E       F      G
               +--------+--------+--------+--------+--------+-----+--------+
         Total |   1406 |   1378 |     28 |    875 |    269 |   1 | 1406.0 |
       Dungeon |   1406 |   1378 |     28 |    875 |    269 |   1 | 1406.0 |
               +--------+--------+--------+--------+--------+-----+--------+

Top non-repeatable levels by time:
       D: 1406 daAuts
